 Dungeon Crawl Stone Soup version 0.21.1-1-g345015fe64 (webtiles) character file.

60 ImError the Cudgeler (level 3, -4/37 HPs)
             Began as a Troll Monk on June 3, 2018.
             Slain by an orc
             ... wielding a +0 trident
              (7 damage)
             ... on level 2 of the Dungeon.
             The game lasted 00:05:04 (1360 turns).

ImError the Cudgeler (Troll Monk)                   Turns: 1360, Time: 00:05:04

Health: -4/37      AC:  5    Str: 20    XL:     3   Next: 82%
Magic:  2/2        EV: 11    Int:  6    God:
Gold:   123        SH:  0    Dex: 12    Spells: 2/2 levels left

rFire    . . .     SeeInvis .   a - +0 mace
rCold    . . .     Gourm    +   (no shield)
rNeg     . . .     Faith    .   b - +0 robe
rPois    .         Spirit   .   (helmet restricted)
rElec    .         Reflect  .   (no cloak)
rCorr    .         Harm     +   (gloves unavailable)
MR       .....                  (boots unavailable)
Stlth    ++........             i - amulet of harm
HPRegen  0.52/turn              (no ring)
MPRegen  0.08/turn              (no ring)

@: hasted, very quick
A: large, unfitting armour, claws 3, fast metabolism 3, gourmand, regeneration
1, shaggy fur 1, tough skin 2
a: no special abilities


You were on level 2 of the Dungeon.
You were full.

You visited 1 branch of the dungeon, and saw 2 of its levels.

You collected 123 gold pieces.

Inventory:

Hand Weapons
 a - a +0 mace (weapon)
Missiles
 e - 98 stones (quivered)
 m - 3 javelins
Armour
 b - a +0 robe (worn)
 g - +0 gold dragon scales
Jewellery
 i - an amulet of harm (around neck)
 k - an uncursed amulet of rage {unknown}
Scrolls
 d - a scroll of teleportation {unknown}
 f - a scroll of enchant armour {unknown}
 j - 2 scrolls of identify {unknown}
 n - a scroll of remove curse {unknown}
Potions
 l - a potion of invisibility {unknown}
Books
 o - a book of Changes

   Spells                             Type                      Level
   a - Beastly Appendage              Transmutation                1
   b - Sticks to Snakes               Transmutation                2
   c - Spider Form                    Transmutation/Poison         3
   d - Ice Form                       Ice/Transmutation            4
   e - Blade Hands                    Transmutation                5
Comestibles
 c - 6 rations


   Skills:
 + Level 3.0 Fighting
 + Level 3.3 Maces & Flails
 - Level 0.2 Armour
 + Level 3.0 Dodging
 - Level 1.0 Stealth


You had 2 spell levels left.
You didn't know any spells.

Dungeon Overview and Level Annotations

Branches:
Dungeon (2/15)

Altars:
Cheibriados


Innate Abilities, Weirdness & Mutations

You are too large for most types of armour.
You have claws for hands.
Your metabolism is lightning-fast.
You like to eat raw meat.
Your natural rate of healing is unusually fast.
You are covered in fur. (AC +1)
You have very tough skin. (AC +2)


Message History

You bump into the rock wall.
The orc closely misses you. The orc hits you with a dagger.
The orc wizard hits you with a dagger.
You barely miss the orc wizard.
The orc wizard is lightly wounded.
The orc hits you but does no damage. x2; The orc barely misses you.
The orc wizard hits you with a dagger. The orc hits you with a hand axe.
You bump into the rock wall.
You feel less confused. The orc misses you.
The orc hits you but does no damage. The orc wizard barely misses you.
You closely miss the orc. The orc barely misses you.
The orc hits you from afar with a trident!
* * * LOW HITPOINT WARNING * * *
The orc barely misses you.
The orc wizard hits you but does no damage.
The orc hits you with a hand axe!
* * * LOW HITPOINT WARNING * * *
It was a potion of haste.
You feel yourself speed up.
The orc hits you from afar with a trident.
You die...

#####...## ##.....##
#.. ##.......## ##?#
##.........# ##... #
.'.........+ .... .#
##.........# ..#
##.. ##.......## #.#
... ##.....##
#o###.# ##...##
#@o...# ##'##
#o#o#####.# #.#
#o........# #.#
###.####### ##.##
#.# #..#...#######
#.# #............#
#.#
....#...#.....####.#
###.##.##..........#


You could see an orc wizard and 4 orcs.

Vanquished Creatures
  2 adders (D:2)
  4 dart slugs
  2 giant cockroaches (D:1)
  3 goblins
  4 hobgoblins
  4 jackals
  4 bats
  2 frilled lizards
  2 kobolds (D:1)
  8 rats
35 creatures vanquished.

Vanquished Creatures (others)
  A bat (D:1)
1 creature vanquished.

Grand Total: 36 creatures vanquished

Notes
Turn   | Place    | Note
-------+----------+-------------------------------------------
     0 | D:1      | ImError the Troll Monk began the quest for the Orb.
     0 | D:1      | Reached XP level 1. HP: 22/22 MP: 0/0
    81 | D:1      | Reached XP level 2. HP: 27/29 MP: 1/1
   816 | D:2      | Reached XP level 3. HP: 36/36 MP: 2/2
  1169 | D:2      | Found a snail-covered altar of Cheibriados.
  1360 | D:2      | Slain by an orc

Skill      XL: |  1  2  3 |
---------------+----------+-----
Maces & Flails | 3 |  3.3
Fighting       | 3 |  3.0
Dodging        | 3 |  3.0
Armour         | |  0.2
Stealth        | |  1.0

Action                   || total
-------------------------++-------
Melee: Mace              ||   124
  Use: Potion            ||     1
 Stab: Sleeping          ||     2
  Eat: Chunk             ||    15
Armor: Robe              ||    45
       Gold dragon scale ||     7
Dodge: Dodged            ||    71
